 Dungeon Crawl Stone Soup version 0.26-a0-1181-gd376ed14c5 (webtiles) character file.

Game seed: 7815897019192259844

857 liluieth the Thaumaturge (level 7, 0/36 HPs)
             Began as a Deep Elf Conjurer on Dec 25, 2020.
             Killed from afar by an orc wizard (5 damage)
             ... with a magic dart
             ... on level 4 of the Dungeon.
             The game lasted 00:18:19 (4403 turns).

liluieth the Thaumaturge (Deep Elf Conjurer)        Turns: 4403, Time: 00:18:19

Health: 0/36       AC:  4    Str:  4    XL:     7   Next: 70%
Magic:  19/21      EV: 11    Int: 25    God:
Gold:   206        SH:  0    Dex: 13    Spells: 12/23 levels left

rFire    . . .     SeeInvis .   k - +0 short sword
rCold    . . .     Faith    +   (no shield)
rNeg     . . .     Spirit   .   g - +0 leather armour
rPois    .         Reflect  .   (no helmet)
rElec    .         Harm     .   o - +0 cloak
rCorr    .         Rampage  .   (no gloves)
Will     .....                  (no boots)
Stlth    ++........             f - amulet of faith
HPRegen  0.12/turn              (no ring)
MPRegen  0.17/turn              (no ring)

@: no status effects
A: no striking features
a: no special abilities


You were on level 4 of the Dungeon.
You visited 1 branch of the dungeon, and saw 4 of its levels.
You also visited: Sewer and Ossuary.

You collected 206 gold pieces.

Inventory:

Hand Weapons
 k - a +0 short sword (weapon)
Armour
 a - a +0 robe
 g - a +0 leather armour (worn)
 o - a +0 cloak (worn)
Jewellery
 f - an amulet of faith (around neck)
Wands
 n - a wand of flame (19)
Scrolls
 b - 2 scrolls of random uselessness {unknown}
 c - 2 scrolls of blinking
 e - 4 scrolls of identify
 t - a scroll of remove curse {unknown}
Potions
 d - 4 potions of heal wounds
 h - a potion of haste {unknown}
 i - 4 potions of attraction {unknown}
 j - 2 potions of flight
 l - a potion of magic {unknown}
 m - a potion of lignification {unknown}
 p - 2 potions of mutation {unknown}
 q - a potion of resistance {unknown}
 r - 3 potions of curing
 s - 2 potions of might {unknown}


   Skills:
 - Level 2.4 Dodging
 - Level 2.4 Stealth
 + Level 8.6 Spellcasting
 + Level 8.1 Conjurations


You had 12 spell levels left.
You knew the following spells:

 Your Spells              Type           Power        Failure   Level
a - Magic Dart            Conj           100%         1%          1
b - Searing Ray           Conj           100%         1%          2
c - Fulminant Prism       Conj/Hex       15%          19%         4
d - Iskenderun's Mystic   Conj/Tloc      31%          19%         4

Your spell library contained the following spells:

 Spells                   Type           Power        Failure   Level
 Dazzling Flash           Conj/Hex       62%          6%          3


Dungeon Overview and Level Annotations

Branches:
Dungeon (4/15)              Sewer (visited)         Ossuary (visited)
 Temple: D:4-7

Altars:
Makhleb
Qazlal


Message History

The orc warrior hits you with a +0 battleaxe!!
Ouch! That really hurt!
Unknown command.
The orc wizard casts a spell.
The orc wizard blinks!
The orc wizard casts a spell at you. The magic dart hits you.
* * * LOW HITPOINT WARNING * * *
The orc wizard casts a spell.
The orc wizard blinks!
The orc wizard casts a spell.
The orc wizard seems to speed up.
The orc wizard casts a spell.
The orc wizard blinks!
The orc wizard casts a spell at you. The magic dart hits you.
* * * LOW HITPOINT WARNING * * *
The orc wizard gestures at you while chanting.
The magic dart hits you.
You die...

#.........#.#...#..##..##.
#......o..#.#).)..........
#.........'...)##.#.......
#.........#.#<..#.#.......
#.....o.......[...#.......
#........o........#.......
#........o.....[.#####..#.
#########.######## ##.#.
#@# #.#. ####'### #...
#......# ##.. #......####
#.. #.........# #.>
#.........###########
#....................
#........(##......###
#.........##....[.#


You could see an orc warrior, an orc wizard (fast) and 2 orcs.

Vanquished Creatures
  A water moccasin (Sewer)
  2 ogres (D:4)
  A bullfrog (D:3)
  A centaur zombie (Ossuary)
  2 human zombies (Ossuary)
  A centaur skeleton (D:4)
  Natasha (thrice) (D:3)
  Ijyb (D:3)
  3 worker ants (D:4)
  3 big kobold zombies (Ossuary)
  2 mummies (Ossuary)
  4 adders
  A river rat (D:3)
  2 adder zombies (Ossuary)
  An adder skeleton (D:4)
  3 worms
  A dart slug (D:1)
  2 leopard geckos
  8 orcs
  A bat (D:1)
  11 giant cockroaches
  5 goblins
  7 hobgoblins
  2 jackals (Sewer)
  6 kobolds
  A quokka (D:4)
  2 ball pythons
  6 frilled lizards
  11 hobgoblin zombies (Ossuary)
  A jackal skeleton (D:4)
  8 kobold zombies (Ossuary)
  8 orc zombies (Ossuary)
  8 rats
  A rat zombie (Ossuary)
120 creatures vanquished.

Notes
Turn   | Place    | Note
-------+----------+-------------------------------------------
     0 | D:1      | liluieth the Deep Elf Conjurer began the quest for the Orb.
     0 | D:1      | Reached XP level 1. HP: 10/10 MP: 6/6
   291 | D:1      | Reached XP level 2. HP: 15/15 MP: 0/8
   378 | D:1      | Learned a level 2 spell: Searing Ray
  1392 | D:2      | Reached skill level 5 in Conjurations
  1404 | D:2      | Reached XP level 3. HP: 19/19 MP: 8/10
  2063 | D:3      | Found a burning altar of Makhleb.
  2064 | D:3      | Found a stormy altar of Qazlal.
  2084 | D:3      | Noticed Natasha
  2090 | D:3      | Killed Natasha
  2091 | D:3      | Reached XP level 4. HP: 24/24 MP: 5/12
  2131 | D:3      | Noticed Natasha
  2136 | D:3      | Killed Natasha
  2137 | D:3      | Reached skill level 5 in Spellcasting
  2184 | D:3      | Noticed Natasha
  2199 | D:3      | Killed Natasha
  2245 | D:3      | Noticed Ijyb
  2256 | D:3      | Reached XP level 5. HP: 22/28 MP: 4/14
  2329 | D:3      | Found a glowing drain.
  2333 | Sewer    | Entered a sewer
  2511 | Sewer    | Noticed a water moccasin
  2518 | Sewer    | Killed a water moccasin
  2672 | D:3      | Learned a level 4 spell: Fulminant Prism
  2677 | D:3      | Learned a level 4 spell: Iskenderun's Mystic Blast
  2703 | D:3      | Reached XP level 6. HP: 32/32 MP: 10/17
  2901 | D:3      | Killed Ijyb
  3198 | D:4      | Reached XP level 7. HP: 36/36 MP: 16/20
  3382 | D:4      | Found a sand-covered staircase.
  3389 | Ossuary  | Entered an ossuary
  4403 | D:4      | Killed from afar by an orc wizard

Illustrated notes

Levels and vault maps discovered:
D:1:      wander_arrival_desolate, layout_basic, minmay_worlds_worst_comb
D:2:      layout_rooms
D:3:      layout_rooms, lemuel_crystal_altar, gup_sewer_entry_spiral,
          bloody_makhleb, uniq_natasha, uniq_ijyb
D:4:      layout_basic, chequers_ossuary_entry_cave, minmay_misc_feat_encased

Skill      XL: |  1  2  3  4  5  6  7 |
---------------+----------------------+-----
Spellcasting   | 4 5 6 7 8 |  8.6
Conjurations   | 5 6 7 8 |  8.1
Dodging        | |  2.4
Stealth        | |  2.4

Action                   |  1- 3 |  4- 6 |  7- 9 || total
-------------------------+-------+-------+-------++-------
Melee: Unarmed           |    11 |     5 |       ||    16
       Short sword       |       |       |     5 ||     5
 Cast: Magic Dart        |    68 |    36 |    72 ||   176
       Searing Ray       |     5 |    16 |    15 ||    36
  Use: Scroll            |       |     3 |       ||     3
Armor: Robe              |     7 |       |       ||     7
       Leather armour    |       |     2 |     7 ||     9
Dodge: Dodged            |    17 |    14 |    16 ||    47

Table legend: (Time is in decaauts)
 A = Elapsed time spent in this place.
 B = Non-inter-level travel time spent in this place.
 C = Inter-level travel time spent in this place.
 D = Time resting spent in this place.
 E = Time spent auto-exploring this place.
 F = Levels seen in this place.
 G = Mean time per level.
                   A        B        C        D        E       F      G
               +--------+--------+--------+--------+--------+-----+--------+
         Total |   4455 |   4322 |    133 |   1084 |   2204 |   6 |  742.5 |
       Dungeon |   3427 |   3294 |    133 |    536 |   2011 |   4 |  856.8 |
         Sewer |    273 |    273 |      0 |    159 |     68 |   1 |  273.0 |
       Ossuary |    755 |    755 |      0 |    389 |    125 |   1 |  755.0 |
               +--------+--------+--------+--------+--------+-----+--------+

Top non-repeatable levels by time:
     D:1: 1242 daAuts
     D:3: 852 daAuts
 Ossuary: 755 daAuts
     D:2: 703 daAuts
     D:4: 629 daAuts
   Sewer: 273 daAuts
